CCBL
HARWICH MARINERS @ ORLEANS FIREBIRDS
03/12/2060
 
TOP OF THE 1ST
Harwich Mariners batting - Pitching for Orleans Firebirds : RHP Jalen Clark
Pitching: RHP Jalen Clark
Batting: LHB Charlie Loos 0-0: Ball
1-0: Foul Ball, location: 2F
1-1: Swinging Strike
1-2: Fly out, F8 (Flyball, 8RXD, EV 100.6 MPH)
Batting: SHB Jesse Wayland 0-0: Ball
1-0: Ball
2-0: Reached on error, E5 (Groundball, 6, EV 89.4 MPH)
Batting: LHB Alec Nelson 0-0: Called Strike
0-1: DOUBLE (Line Drive, 9LM, EV 100.6 MPH)
Jesse Wayland to third
Runner from 3rd tries for Home, SAFE, no throw by RF
Batting: RHB Terry Rowland 0-0: Called Strike
0-1: Ball
1-1: Swinging Strike
1-2: Ground out 6-3 (Groundball, 6, EV 78.8 MPH)
Batting: RHB Roman Stern 0-0: Ground out 5-3 (Groundball, 56S, EV 90.6 MPH)
Top of the 1st over - 1 run, 1 hit, 1 error, 1 left on base; Harwich 1 - Orleans 0
BOTTOM OF THE 1ST
Orleans Firebirds batting - Pitching for Harwich Mariners : RHP Nathaniel Berlin
Pitching: RHP Nathaniel Berlin
Batting: RHB Benjamin Sweeney 0-0: Ground out 6-3 (Groundball, 6, EV 86.9 MPH)
Batting: RHB Adrian Harrison 0-0: Called Strike
0-1: Ball
1-1: Swinging Strike
1-2: Ball
2-2: Strikes out swinging
Batting: RHB Toby Foster 0-0: Called Strike
0-1: Swinging Strike
0-2: DOUBLE (Flyball, 8RXD, EV 90.0 MPH)
Batting: RHB Rashad Eskridge 0-0: Ball
1-0: Called Strike
1-1: Ball
2-1: Swinging Strike
2-2: Foul Ball, location: 2F
2-2: Strikes out swinging
Bottom of the 1st over - 0 runs, 1 hit, 0 errors, 1 left on base; Harwich 1 - Orleans 0
TOP OF THE 2ND
Harwich Mariners batting - Pitching for Orleans Firebirds : RHP Jalen Clark
Batting: LHB Logan Morgan 0-0: Foul Ball, location: 2F
0-1: Foul Ball, location: 2F
0-2: Ball
1-2: Foul Ball, location: 2F
1-2: Strikes out swinging
Batting: RHB R.J. Kroll 0-0: Swinging Strike
0-1: Ball
1-1: Called Strike
1-2: Fly out, F7 (Line Drive, 7, EV 103.1 MPH)
Batting: RHB Maxwell Lee 0-0: Ball
1-0: SINGLE (Flyball, 4MD, EV 89.4 MPH)
Batting: RHB Austin Sarpong 0-0: Ball
1-0: Called Strike
1-1: Foul Ball, location: 2F
1-2: Foul Ball, location: 2F
1-2: Foul Ball, location: 2F
1-2: Foul Ball, location: 2F
1-2: Fly out, F3 (Popup, 3SF, EV 87.5 MPH)
Top of the 2nd over - 0 runs, 1 hit, 0 errors, 1 left on base; Harwich 1 - Orleans 0
BOTTOM OF THE 2ND
Orleans Firebirds batting - Pitching for Harwich Mariners : RHP Nathaniel Berlin
Batting: LHB Marcus Graham 0-0: Called Strike
0-1: Ground out 6-3 (Groundball, 6, EV 81.2 MPH)
Batting: RHB Charles Marshall 0-0: Called Strike
0-1: Foul Ball, location: 2F
0-2: Ball
1-2: Strikes out swinging
Batting: SHB Toby Creech 0-0: Ball
1-0: Ball
2-0: Ball
3-0: Called Strike
3-1: Foul Ball, location: 2F
3-2: Ground out 5-3 (Groundball, 56, EV 100.6 MPH)
Bottom of the 2nd over - 0 runs, 0 hits, 0 errors, 0 left on base; Harwich 1 - Orleans 0
TOP OF THE 3RD
Harwich Mariners batting - Pitching for Orleans Firebirds : RHP Jalen Clark
Batting: LHB Charlie Loos 0-0: Ball
1-0: Ball
2-0: DOUBLE (Line Drive, 7LD, EV 106.9 MPH)
Batting: SHB Jesse Wayland 0-0: Called Strike
0-1: Ball
1-1: Foul Ball, location: 2F
1-2: Ground out 4-3 (Groundball, 4, EV 90.6 MPH)
Charlie Loos to third
Batting: LHB Alec Nelson 0-0: Called Strike
0-1: Ground out 4-3 (Groundball, 4, EV 84.4 MPH)
Charlie Loos scores
Batting: RHB Terry Rowland 0-0: Ball
1-0: Ball
2-0: Called Strike
2-1: SINGLE (Groundball, 6MD, EV 108.8 MPH)
Batting: RHB Roman Stern 0-0: Ball
1-0: Foul Ball, location: 2F
1-1: Swinging Strike
1-2: Ball
2-2: Fly out, F7 (Line Drive, 7, EV 91.9 MPH)
Top of the 3rd over - 1 run, 2 hits, 0 errors, 1 left on base; Harwich 2 - Orleans 0
BOTTOM OF THE 3RD
Orleans Firebirds batting - Pitching for Harwich Mariners : RHP Nathaniel Berlin
Batting: RHB Isaac Schneider 0-0: Called Strike
0-1: Foul Ball, location: 2F
0-2: SINGLE (Groundball, 5S, EV 68.1 MPH) (infield hit)
Batting: RHB Jonah Wells 0-0: Ball
1-0: Grounds into double play, 6-4-3 (Groundball, 6, EV 83.1 MPH)
Batting: RHB Benjamin Sweeney 0-0: Ball
1-0: Foul Ball, location: 2F
1-1: Foul Ball, location: 2F
1-2: Strikes out swinging
Bottom of the 3rd over - 0 runs, 1 hit, 0 errors, 0 left on base; Harwich 2 - Orleans 0
TOP OF THE 4TH
Harwich Mariners batting - Pitching for Orleans Firebirds : RHP Jalen Clark
Batting: LHB Logan Morgan 0-0: Ball
1-0: Called Strike
1-1: Ball
2-1: Fly out, F8 (Line Drive, 8RM, EV 93.8 MPH)
Batting: RHB R.J. Kroll 0-0: Ball
1-0: Foul Ball, location: 2F
1-1: Ball
2-1: Fly out, F9 (Flyball, 89S, EV 75.0 MPH)
Batting: RHB Maxwell Lee 0-0: Ball
1-0: Swinging Strike
1-1: Foul Ball, location: 2F
1-2: Ball
2-2: Ground out 3-1 (Groundball, 34S, EV 80.6 MPH)
Top of the 4th over - 0 runs, 0 hits, 0 errors, 0 left on base; Harwich 2 - Orleans 0
BOTTOM OF THE 4TH
Orleans Firebirds batting - Pitching for Harwich Mariners : RHP Nathaniel Berlin
Batting: RHB Adrian Harrison 0-0: Swinging Strike
0-1: Foul Ball, location: 2F
0-2: Strikes out swinging
Batting: RHB Toby Foster 0-0: Ball
1-0: Called Strike
1-1: Ball
2-1: Ball
3-1: Base on Balls
Batting: RHB Rashad Eskridge 0-0: Called Strike
0-1: Ball
1-1: Called Strike
1-2: Strikes out swinging
Batting: LHB Marcus Graham 0-0: Ball
1-0: Called Strike
1-1: Ball
2-1: SINGLE (Line Drive, 89S, EV 95.6 MPH)
Toby Foster to second
Batting: RHB Charles Marshall 0-0: Ball
1-0: Foul Ball, location: 2F
1-1: Swinging Strike
1-2: Ball
2-2: Ball
3-2: Foul Ball, location: 2F
3-2: Ground out 5-3 (Groundball, 56S, EV 87.5 MPH)
Bottom of the 4th over - 0 runs, 1 hit, 0 errors, 2 left on base; Harwich 2 - Orleans 0
TOP OF THE 5TH
Harwich Mariners batting - Pitching for Orleans Firebirds : RHP Jalen Clark
Batting: RHB Austin Sarpong 0-0: Ball
1-0: Ball
2-0: Ball
3-0: Called Strike
3-1: Base on Balls
Batting: LHB Charlie Loos 0-0: Called Strike
0-1: Ball
1-1: Ball
2-1: Ball
3-1: Base on Balls
Austin Sarpong to second
Batting: SHB Jesse Wayland 0-0: Swinging Strike
0-1: Ball
1-1: Ball
2-1: Called Strike
2-2: Strikes out swinging
Batting: LHB Alec Nelson 0-0: Ball
Austin Sarpong is caught stealing 3rd base 2-5
Charlie Loos to second
1-0: Ball
2-0: Called Strike
2-1: Ball
3-1: Base on Balls
Pitching: RHP Ray McCandlish
Batting: RHB Terry Rowland 0-0: Foul Ball, location: 2F
0-1: Foul Ball, location: 2F
0-2: Ball
1-2: Ball
2-2: Ball
3-2: SINGLE (Line Drive, 56, EV 99.4 MPH)
Charlie Loos to third
Alec Nelson to second
Charlie Loos scores
Alec Nelson to third
Batting: RHB Roman Stern 0-0: Called Strike
0-1: Ball
1-1: Ball
2-1: Foul Ball, location: 2F
2-2: Ball
3-2: Strikes out swinging
Top of the 5th over - 1 run, 1 hit, 0 errors, 2 left on base; Harwich 3 - Orleans 0
BOTTOM OF THE 5TH
Orleans Firebirds batting - Pitching for Harwich Mariners : RHP Nathaniel Berlin
Batting: SHB Toby Creech 0-0: Foul Ball, location: 2F
0-1: Bunt - Flyout to 23! F3
Batting: RHB Isaac Schneider 0-0: Swinging Strike
0-1: Ball
1-1: Called Strike
1-2: Ball
2-2: Ball
3-2: DOUBLE (Line Drive, 7LD, EV 112.5 MPH)
Batting: RHB Jonah Wells 0-0: Swinging Strike
0-1: Ball
1-1: Swinging Strike
1-2: Strikes out swinging
Batting: RHB Benjamin Sweeney 0-0: Ground out 6-3 (Groundball, 6, EV 83.1 MPH)
Bottom of the 5th over - 0 runs, 1 hit, 0 errors, 1 left on base; Harwich 3 - Orleans 0
TOP OF THE 6TH
Harwich Mariners batting - Pitching for Orleans Firebirds : RHP Ray McCandlish
Batting: LHB Logan Morgan 0-0: Ball
1-0: Swinging Strike
1-1: Fly out, F8 (Flyball, 78D, EV 86.2 MPH)
Batting: RHB R.J. Kroll 0-0: Ball
1-0: Called Strike
1-1: Fly out, F8 (Flyball, 8LXD, EV 86.9 MPH)
Batting: RHB Maxwell Lee 0-0: Called Strike
0-1: Foul Ball, location: 2F
0-2: Ball
1-2: Ball
2-2: SINGLE (Groundball, 6D, EV 96.2 MPH)
Batting: RHB Austin Sarpong 0-0: Fielders Choice at 2nd, 6-4 (Groundball, 6, EV 83.1 MPH)
Top of the 6th over - 0 runs, 1 hit, 0 errors, 1 left on base; Harwich 3 - Orleans 0
BOTTOM OF THE 6TH
Orleans Firebirds batting - Pitching for Harwich Mariners : RHP Nathaniel Berlin
Batting: RHB Adrian Harrison 0-0: Ball
1-0: Fly out, F9 (Line Drive, 9LM, EV 87.5 MPH)
Batting: RHB Toby Foster 0-0: Swinging Strike
0-1: Ball
1-1: Swinging Strike
1-2: Foul Ball, location: 2F
1-2: Strikes out swinging
Batting: RHB Rashad Eskridge 0-0: Called Strike
0-1: SOLO HOME RUN (Line Drive, 7D, EV 98.8 MPH), Distance : 376 ft
Batting: LHB Marcus Graham 0-0: DOUBLE (Line Drive, 9LD, EV 106.2 MPH)
Batting: RHB Charles Marshall 0-0: Ball
1-0: Ball
2-0: Ball
3-0: Called Strike
3-1: Foul Ball, location: 2F
3-2: Base on Balls
Pitching: RHP Austyn Dutka
Batting: SHB Toby Creech 0-0: Ball
1-0: Ball
2-0: DOUBLE (Line Drive, 9LM, EV 105.0 MPH)
Marcus Graham scores
Charles Marshall to third
Runner from 3rd tries for Home, throw by RF and OUT! 9-4-2
Bottom of the 6th over - 2 runs, 3 hits, 0 errors, 1 left on base; Harwich 3 - Orleans 2
TOP OF THE 7TH
Harwich Mariners batting - Pitching for Orleans Firebirds : RHP Ray McCandlish
Batting: LHB Charlie Loos 0-0: Swinging Strike
0-1: Foul Ball, location: 2F
0-2: SINGLE (Line Drive, 34D, EV 93.8 MPH)
Batting: SHB Jesse Wayland 0-0: Called Strike
0-1: Fly out, F8 (Line Drive, 8RD, EV 91.9 MPH)
Batting: LHB Alec Nelson 0-0: Ball
Charlie Loos is caught stealing 2nd base 2-6
1-0: Ball
2-0: Ball
3-0: Base on Balls
Batting: RHB Terry Rowland 0-0: Swinging Strike
0-1: Fly out, F7 (Flyball, 7D, EV 103.1 MPH)
Top of the 7th over - 0 runs, 1 hit, 0 errors, 1 left on base; Harwich 3 - Orleans 2
BOTTOM OF THE 7TH
Orleans Firebirds batting - Pitching for Harwich Mariners : RHP Austyn Dutka
Batting: RHB Isaac Schneider 0-0: Ball
1-0: Ball
2-0: Ball
3-0: Base on Balls
Batting: RHB Jonah Wells 0-0: Called Strike
0-1: Called Strike
0-2: Foul Ball, location: 2F
0-2: Foul Ball, location: 2F
0-2: DOUBLE (Groundball, 5L, EV 101.9 MPH)
Isaac Schneider to third
Batting: RHB Benjamin Sweeney 0-0: Called Strike
0-1: SINGLE (Line Drive, 4MD, EV 96.9 MPH)
Isaac Schneider scores
Jonah Wells to third
Runner from 3rd tries for Home, SAFE, throw by CF to home
Batting: RHB Adrian Harrison 0-0: Ball
Benjamin Sweeney steals 2nd, throwing error, E2
Benjamin Sweeney to third
1-0: Ball
2-0: Foul Ball, location: 2F
2-1: Foul Ball, location: 2F
2-2: Foul Ball, location: 2F
2-2: Ball
3-2: Base on Balls
Batting: RHB Toby Foster 0-0: Ball
1-0: Swinging Strike
1-1: Foul Ball, location: 2F
1-2: Ball
2-2: Foul Ball, location: 2F
2-2: Fly out, F9 (Flyball, 9LM, EV 76.9 MPH)
Runner from 3rd tags up, SCORES, throw by RF
Pitching: LHP Blair Badillo
Batting: RHB Rashad Eskridge 0-0: Ball
1-0: Foul Ball, location: 2F
1-1: Fly out, F9 (Flyball, 9S, EV 85.0 MPH)
Batting: LHB Marcus Graham 0-0: Foul Ball, location: 2F
0-1: Ball
1-1: Ball
2-1: Fly out, F3 (Popup, 3SF, EV 83.1 MPH)
Bottom of the 7th over - 3 runs, 2 hits, 1 error, 1 left on base; Harwich 3 - Orleans 5
TOP OF THE 8TH
Harwich Mariners batting - Pitching for Orleans Firebirds : RHP Ray McCandlish
Batting: RHB Roman Stern 0-0: Ball
1-0: SINGLE (Groundball, 6D, EV 105.6 MPH)
Batting: LHB Logan Morgan 0-0: Ball
1-0: SINGLE (Line Drive, 4D, EV 95.0 MPH)
Roman Stern to second
Pitching: RHP Camron Fortson
Batting: RHB R.J. Kroll 0-0: Ball
1-0: SINGLE (Groundball, 3S, EV 61.9 MPH) (infield hit)
Roman Stern to third
Logan Morgan to second
Pinch Hitting: RHB Holden Vaughn 0-0: Ball
1-0: Foul Ball, location: 2F
1-1: Foul Ball, location: 2F
1-2: Strikes out swinging
Pinch Hitting: RHB Walter Forman 0-0: Ball
1-0: DOUBLE (Flyball, 8LXD, EV 108.1 MPH)
Roman Stern scores
Logan Morgan scores
R.J. Kroll to third
Batting: LHB Charlie Loos 0-0: Intentional Walk
Batting: SHB Jesse Wayland 0-0: Called Strike
0-1: SINGLE (Line Drive, 6MD, EV 95.6 MPH)
R.J. Kroll scores
Walter Forman to third
Charlie Loos to second
Runner from 3rd tries for Home, SAFE, throw by CF to home
Batting: LHB Alec Nelson 0-0: Ball
1-0: Ball
2-0: Ball
3-0: Base on Balls
Charlie Loos to third
Jesse Wayland to second
Batting: RHB Terry Rowland 0-0: Ball
1-0: Called Strike
1-1: Swinging Strike
1-2: Ball
2-2: Foul Ball, location: 2F
2-2: Strikes out looking
Batting: RHB Roman Stern 0-0: Ball
1-0: Ball
2-0: Fly out, F7 (Flyball, 7LD, EV 98.1 MPH)
Top of the 8th over - 4 runs, 5 hits, 0 errors, 3 left on base; Harwich 7 - Orleans 5
BOTTOM OF THE 8TH
Orleans Firebirds batting - Pitching for Harwich Mariners : LHP Blair Badillo
Now at C: Lance Hill
Now at SS: Sammy Bernhardt
Batting: RHB Charles Marshall 0-0: Called Strike
0-1: Ball
1-1: Ground out 3-1 (Groundball, 34, EV 101.2 MPH)
Pinch Hitting: RHB A.J. Briggs 0-0: Ground out 5-3 (Groundball, 5S, EV 85.6 MPH)
Batting: RHB Isaac Schneider 0-0: Ball
1-0: Called Strike
1-1: Foul Ball, location: 2F
1-2: Strikes out swinging
Bottom of the 8th over - 0 runs, 0 hits, 0 errors, 0 left on base; Harwich 7 - Orleans 5
TOP OF THE 9TH
Harwich Mariners batting - Pitching for Orleans Firebirds : RHP Camron Fortson
Pitching: LHP Jonathan Quinn
Now at 2B: A.J. Briggs
Batting: LHB Logan Morgan 0-0: Ball
1-0: Ball
2-0: Ball
3-0: Called Strike
3-1: Foul Ball, location: 2F
3-2: Strikes out swinging
Batting: RHB R.J. Kroll 0-0: Ball
1-0: Ball
2-0: Ball
3-0: Called Strike
3-1: Base on Balls
Batting: RHB Sammy Bernhardt 0-0: Called Strike
0-1: Hit by Pitch
R.J. Kroll to second
Pinch Hitting: SHB Henry Kyle 0-0: Ball
1-0: Ball
2-0: Ball
3-0: Called Strike
3-1: Swinging Strike
3-2: Base on Balls
R.J. Kroll to third
Sammy Bernhardt to second
Batting: LHB Charlie Loos 0-0: Ball
1-0: Ball
2-0: Called Strike
2-1: Foul Ball, location: 2F
2-2: SINGLE (Groundball, 56, EV 100.6 MPH)
R.J. Kroll scores
Sammy Bernhardt to third
Henry Kyle to second
Batting: SHB Jesse Wayland 0-0: Called Strike
0-1: Ball
1-1: Swinging Strike
1-2: Ball
2-2: Ball
3-2: Grounds into fielders choice 6-2 (Groundball, 56S, EV 78.8 MPH)
Henry Kyle to third
Charlie Loos to second
Batting: LHB Alec Nelson 0-0: Called Strike
0-1: Ball
1-1: Foul Ball, location: 2F
1-2: Ball
2-2: SINGLE (Groundball, 4D, EV 100.6 MPH)
Henry Kyle scores
Charlie Loos to third
Jesse Wayland to second
Runner from 3rd tries for Home, SAFE, throw by RF to home
Jesse Wayland to third
Alec Nelson to second
Batting: RHB Terry Rowland 0-0: Called Strike
0-1: Reached on error, E6 (Groundball, 6, EV 82.5 MPH)
Jesse Wayland scores
Alec Nelson scores
Pitching: LHP Elias Eisenreich
Batting: RHB Roman Stern 0-0: Called Strike
0-1: Ball
1-1: Foul Ball, location: 2F
1-2: Strikes out looking
Top of the 9th over - 5 runs, 2 hits, 1 error, 1 left on base; Harwich 12 - Orleans 5
BOTTOM OF THE 9TH
Orleans Firebirds batting - Pitching for Harwich Mariners : LHP Blair Badillo
Now at C: Logan Gurreri
Batting: RHB Jonah Wells 0-0: Called Strike
0-1: Ball
1-1: Ground out 6-3 (Groundball, 6, EV 78.1 MPH)
Pinch Hitting: RHB Brendan Tays 0-0: Ball
1-0: Foul Ball, location: 2F
1-1: Foul Ball, location: 2F
1-2: Ball
2-2: Fly out, F8 (Flyball, 8RD, EV 101.9 MPH)
Batting: RHB Adrian Harrison 0-0: Called Strike
0-1: SINGLE (Groundball, 6MD, EV 99.4 MPH)
Batting: RHB Toby Foster 0-0: Ball
1-0: Ball
2-0: Swinging Strike
2-1: Foul Ball, location: 2F
2-2: Ball
3-2: SINGLE (Groundball, 56D, EV 98.1 MPH)
Adrian Harrison to second
Adrian Harrison to third
Batting: RHB Rashad Eskridge 0-0: Called Strike
0-1: Ball
1-1: Ball
2-1: SINGLE (Groundball, 6M, EV 108.1 MPH)
Adrian Harrison scores
Toby Foster to second
Batting: LHB Marcus Graham 0-0: Called Strike
0-1: Ball
1-1: Ball
2-1: Foul Ball, location: 2F
2-2: Ball
3-2: Base on Balls
Toby Foster to third
Rashad Eskridge to second
Batting: RHB Charles Marshall 0-0: Called Strike
0-1: Ball
1-1: Called Strike
1-2: DOUBLE (Line Drive, 5D, EV 93.8 MPH)
Toby Foster scores
Rashad Eskridge scores
Marcus Graham to third
Pitching: RHP Max Dixon
Pinch Hitting: SHB Toby Collard 0-0: Called Strike
0-1: Swinging Strike
0-2: Ball
1-2: Ball
2-2: Foul Ball, location: 2F
2-2: Foul Ball, location: 2F
2-2: Foul Ball, location: 2F
2-2: Strikes out swinging
Bottom of the 9th over - 3 runs, 4 hits, 0 errors, 2 left on base; Harwich 12 - Orleans 8
Wednesday, April 17th , 2024 - OOTP Baseball 23.10 Build 110